AoeStats
← GoldPhantom

Pilgrims

509889975Analyzed
4v4 RM · 5d ago on Sep 28, 2026· 47m 14s· 8 players
Game mode
Random Map
Map size
Large (8 player)
Population
200
Speed
Normal
Resources
Standard
Victory
Conquest
Starting age
Dark Age
Ending age
Imperial Age
RankedLock teamsTeams togetherTeam positionsShared explorationLock speedFull tech treeHidden civsTurbo modeCheats
Victory
Defeat
🇩🇪 Persians · Germany
892
+13
🇨🇭 Slavs · Switzerland
883
+13
🇨🇳 Huns · China
856
+14
🇱🇻 Turks · Latvia
851
+14
🇦🇷 Burmese · Argentina
878
-15
🇨🇳 Spanish · China
821
-14
🇭🇰 Saracens · Hong Kong SAR China
805
-13
🇨🇳 Vikings · China
777
-12
LV小吕
14:29 Feudal Age
15:46 Double-Bit Axe
19:49 Wheelbarrow
21:19 Gold Mining
21:20 Stone Mining
24:02 Castle Age
23:46 Town Watch
23:57 Fishing Lines
25:35 Gold Shaft Mining
25:51 Town Patrol
29:00 Gillnets
30:16 Hand Cart
32:52 Bow Saw
33:35 Bloodlines
33:26 Husbandry
33:56 Marauders
34:33 Forging
34:28 Scale Barding Armor
36:29 Iron Casting
43:46 Imperial Age
41:40 Chain Barding Armor
xZeyyy
10:56 Feudal Age
11:19 Double-Bit Axe
18:33 Castle Age
17:59 Wheelbarrow
17:06 Horse Collar
18:12 Stone Mining
25:43 Gold Mining
26:42 Hand Cart
31:42 Imperial Age
29:36 Husbandry
29:47 Bloodlines
30:15 Town Watch
31:11 Scale Barding Armor
31:17 Forging
31:56 Cavalier
33:49 Savar
34:54 Conscription
36:25 Bow Saw
37:26 Town Patrol
37:11 Loom
40:28 Iron Casting
41:39 Heavy Camel Rider
45:36 Blast Furnace
AE75
12:29 Feudal Age
11:18 Loom
13:04 Double-Bit Axe
15:38 Fishing Lines
21:56 Castle Age
20:40 Wheelbarrow
19:58 Stone Mining
19:52 Horse Collar
24:53 Bow Saw
24:37 Gillnets
29:48 Imperial Age
27:32 Heavy Plow
28:10 Hand Cart
29:01 Gold Mining
30:17 Fortified Wall
30:04 Murder Holes
32:07 Two-Man Saw
32:11 Bombard Tower
31:36 Arrowslits
33:33 Conscription
33:25 Scale Barding Armor
33:09 Town Watch
34:06 Gold Shaft Mining
35:56 Bloodlines
35:47 Husbandry
37:06 Ballistics
36:57 Masonry
44:24 Chain Barding Armor
Internet User
10:19 Loom
13:49 Feudal Age
14:09 Man-at-Arms
21:29 Castle Age
20:12 Forging
20:02 Scale Mail Armor
21:47 Long Swordsman
24:31 Squires
33:27 Wheelbarrow
33:22 Stone Mining
33:22 Gold Mining
33:21 Horse Collar
36:21 Detinets
39:30 Imperial Age
37:22 Hand Cart
36:53 Town Watch
37:29 Pikeman
40:10 Iron Casting
39:36 Scale Mail Armor
40:09 Two-Handed Swordsman
45:24 Double-Bit Axe
noob
11:42 Feudal Age
10:58 Loom
14:44 Double-Bit Axe
14:58 Gold Mining
16:08 Town Watch
21:26 Fletching
23:38 Castle Age
21:46 Fishing Lines
22:15 Padded Archer Armor
22:11 Stone Mining
24:31 Gillnets
26:01 Bow Saw
26:34 Bodkin Arrow
27:04 Loom
28:54 Town Patrol
33:28 Clinker Construction
34:51 Crossbowman
36:02 Ballistics
35:54 Masonry
35:59 Forging
36:19 Medium Warships
37:29 Scale Mail Armor
38:34 Chain Mail Armor
40:12 Iron Casting
40:54 Squires
41:40 Arson
43:35 Leather Archer Armor
47:44 Imperial Age
GoldPhantom
13:19 Feudal Age
11:36 Loom
13:48 Double-Bit Axe
21:22 Castle Age
21:00 Wheelbarrow
22:15 Bow Saw
21:58 Horse Collar
23:02 Town Watch
23:32 Gold Mining
24:02 Hand Cart
23:46 Fletching
25:15 Stone Mining
25:27 Heavy Plow
27:20 Scale Barding Armor
27:14 Bodkin Arrow
29:01 Husbandry
29:11 Bloodlines
29:25 Padded Archer Armor
29:55 Thumb Ring
31:36 Forging
32:21 Gold Shaft Mining
32:44 Ballistics
33:32 Iron Casting
38:14 Imperial Age
37:54 Chain Barding Armor
38:32 Elite Mameluke
39:32 Conscription
40:22 Blast Furnace
44:38 Plate Barding Armor
45:01 Bracer
清风与我
5:30 Loom
12:04 Feudal Age
13:23 Wheelbarrow
13:11 Town Watch
14:33 Horse Collar
14:41 Double-Bit Axe
16:36 Gold Mining
21:05 Castle Age
21:18 Stone Mining
24:20 Hand Cart
30:30 Scale Barding Armor
40:05 Imperial Age
39:45 Pikeman
40:25 Squires
林归于凤
11:07 Feudal Age
12:25 Wheelbarrow
12:26 Fishing Lines
12:36 Horse Collar
14:47 Stone Mining
17:20 Castle Age
16:22 Padded Archer Armor
18:38 Hand Cart
19:06 Husbandry
20:22 Gillnets
20:52 Heavy Plow
21:05 Bloodlines
24:54 Gold Mining
26:17 Manipur Cavalry
28:12 Gold Shaft Mining
33:03 Imperial Age
30:24 Town Watch
30:08 Light Cavalry
33:01 Ballistics
32:22 Treadmill Crane
34:23 Conscription
33:29 Elite Arambai
37:25 Elite Battle Elephant
38:41 Scale Barding Armor
38:46 Forging
38:44 Scale Barding Armor
40:53 Parthian Tactics
41:07 Iron Casting
44:05 Chemistry
Connection lost

Rejoining the realm…

Still unreachable

The connection could not be restored.

Session expired

The server has moved on; the page needs a fresh start.